 Dungeon Crawl Stone Soup version 0.19.4-9-g45fd643 (webtiles) character file.

229 vatarom the Firebug (level 6, 0/35 HPs)
             Began as a Tengu Fire Elementalist on Feb 17, 2017.
             Slain by Natasha (6 damage)
             ... on level 4 of the Dungeon.
             The game lasted 00:11:27 (4597 turns).

vatarom the Firebug (Tengu Fire Elementalist)       Turns: 4597, Time: 00:11:28

Health: 0/35       AC:  3    Str: 11    XL:     6   Next: 3%
Magic:  0/10       EV: 12    Int: 15    God:
Gold:   74         SH:  0    Dex: 14    Spells: 3 memorised, 3 levels left

rFire  . . .     SeeInvis .     e - staff of energy
rCold  . . .     Gourm    .     a - +1 robe
rNeg   . . .     Faith    .     (no shield)
rPois  .         Spirit   .     (helmet restricted)
rElec  .         Reflect  .     (no cloak)
rCorr  .         Harm     .     (no gloves)
MR     .....                    (boots unavailable)
Stlth  ++........               (no amulet)
                                (no ring)
                                (no ring)

@: very slightly contaminated, slowed, very slow
A: beak, talons 3, able to fly 1
a: Fly


You were on level 4 of the Dungeon.
You were not hungry.

You visited 1 branch of the dungeon, and saw 4 of its levels.

You collected 74 gold pieces.

Inventory:

Hand Weapons
 d - a +1 dagger
Armour
 a - a +1 robe (worn)
Magical Staves
 e - an uncursed staff of energy (weapon)
Jewellery
 f - an uncursed ring of flight {unknown}
 m - a cursed ring of loudness {unknown}
Scrolls
 k - a scroll of identify
 l - a scroll of recharging
Potions
 i - a potion of flight {unknown}
Books
 b - a book of Flames

   Spells                             Type                      Level
   a - Flame Tongue                   Conjuration/Fire             1
   b - Throw Flame                    Conjuration/Fire             2
   c - Conjure Flame                  Conjuration/Fire             3
   d - Inner Flame                    Hexes/Fire                   3
   e - Sticky Flame                   Conjuration/Fire             4
   f - Fireball                       Conjuration/Fire             5
Comestibles
 c - 3 bread rations
 h - 2 meat rations


   Skills:
 - Level 2.0 Fighting
 - Level 2.1 Dodging
 - Level 2.0 Stealth
 - Level 2.0 Spellcasting
 + Level 4.5 Conjurations
 * Level 5.5 Fire Magic


You had 3 spell levels left.
You knew the following spells:

 Your Spells              Type           Power        Failure   Level  Hunger
a - Flame Tongue          Conj/Fire      ###..        2%          1    None
b - Throw Flame           Conj/Fire      ###...       4%          2    None
c - Conjure Flame         Conj/Fire      ###.....     10%         3    None


Dungeon Overview and Level Annotations

Branches:
Dungeon (4/15)
 Temple: D:4-7

Altars:
Elyvilon
Hepliaklqana
Okawaru

Annotations:
D:4 Natasha


Innate Abilities, Weirdness & Mutations

You have a beak for a mouth.
You have claws for feet.
You can fly.


Message History

The flame tongue hits Natasha.
Natasha appears unharmed.
Natasha is severely wounded.
Natasha casts a spell at you.
You feel yourself slow down.
Nothing appears to happen.
Natasha claws you. Natasha claws you!
Casting: Flame Tongue
Confirm with . or Enter, or press ? or * to list all spells.
Aiming: Flame Tongue
Press: ? - help, Shift-Dir - straight line, f/p - Natasha
Aim: Natasha (severely wounded)
The flame tongue hits Natasha.
Natasha appears unharmed.
Natasha is severely wounded.
Natasha claws you.
* * * LOW HITPOINT WARNING * * *
Casting: Flame Tongue
Confirm with . or Enter, or press ? or * to list all spells.
You don't have enough magic to cast that spell.
Unknown command.
Nothing appears to happen.
Natasha claws you.
You die...

####.... #.# #......#
#.# #......# ## .##
#.# #......#... ...#
#.# #......#..# #..#
#.# #........ #..###)#
#......# .###...#h#
#....<.#
........@######......#
######..............#
##.######......# #..#
##....## #.... #.....
..##.. .....# .##
#........# .# ..$ . ##


You could see Natasha.

Vanquished Creatures
  An orc priest (D:3)
  Natasha (D:4)
  An orc wizard (D:3)
  6 adders
  2 oozes
  2 worms (D:2)
  2 dart slugs
  A leopard gecko (D:3)
  5 orcs (D:3)
  A ball python (D:1)
  5 giant cockroaches
  6 hobgoblins
  4 jackals (D:2)
  10 kobolds
  11 bats
  8 frilled lizards
  6 goblins
  6 rats
78 creatures vanquished.

Notes
Turn   | Place    | Note
-------+----------+-------------------------------------------
     0 | D:1      | vatarom the Tengu Fire Elementalist began the quest for the Orb.
     0 | D:1      | Reached XP level 1. HP: 10/10 MP: 4/4
     4 | D:1      | Noticed an electric eel
    76 | D:1      | Reached skill level 1 in Fighting
   308 | D:1      | Reached XP level 2. HP: 16/16 MP: 4/6
   729 | D:1      | Learned a level 2 spell: Throw Flame
   916 | D:1      | Reached XP level 3. HP: 21/21 MP: 0/7
  1561 | D:1      | Learned a level 3 spell: Conjure Flame
  1647 | D:2      | Found a hazy altar of Hepliaklqana.
  2093 | D:2      | Reached XP level 4. HP: 23/26 MP: 4/8
  2115 | D:2      | Reached skill level 4 in Fire Magic
  2562 | D:3      | Found an iron altar of Okawaru.
  2998 | D:3      | Gained mutation: You can fly. [Tengu growth]
  2998 | D:3      | Reached XP level 5. HP: 30/30 MP: 5/9
  3169 | D:3      | Found a white marble altar of Elyvilon.
  3560 | D:2      | Reached skill level 5 in Fire Magic
  4492 | D:4      | Noticed Natasha
  4492 | D:4      | Noticed a phantom
  4547 | D:4      | Killed Natasha
  4547 | D:4      | Reached XP level 6. HP: 27/35 MP: 1/10
  4568 | D:4      | Noticed Natasha
  4597 | D:4      | Slain by Natasha

Skill      XL: |  1  2  3  4  5 |
---------------+----------------+-----
Fighting       | 1 2 |  2.0
Conjurations   | 2 3 4 |  4.5
Fire Magic     | 4 5 |  5.5
Dodging        | |  2.1
Stealth        | |  2.0
Spellcasting   | |  2.0

Action                   |  1- 3 |  4- 6 || total
-------------------------+-------+-------++-------
Melee: Dagger            |    24 |    15 ||    39
       Kick              |    10 |     5 ||    15
       Peck              |     3 |     2 ||     5
       Staff             |       |     1 ||     1
 Cast: Flame Tongue      |    55 |    63 ||   118
       Throw Flame       |    14 |    21 ||    35
Evoke: Staff of energy   |     2 |     4 ||     6
  Use: Scroll            |     6 |     8 ||    14
       Potion            |     2 |     4 ||     6
  Eat: Chunk             |     5 |     4 ||     9
       Meat ration       |       |     1 ||     1
Armor: Robe              |    16 |    24 ||    40
Dodge: Dodged            |    38 |    38 ||    76
